 Dungeon Crawl Stone Soup version 0.30-a0-913-g9934a0ce24 (webtiles) character file.

Game seed: 8810528834799452287

21612 selver the Severer (level 12, -2/106 HPs)
             Began as a Hill Orc Fighter on Mar 20, 2023.
             Was the Champion of Okawaru.
             Slain by a six-headed hydra (9 damage)
             ... on level 4 of the Lair of Beasts.
             The game lasted 00:26:42 (13832 turns).

selver the Severer (Hill Orc Fighter)              Turns: 13832, Time: 00:26:44

Health: -2/106     AC: 24    Str: 35    XL:     12   Next: 91%
Magic:  17/19      EV: 12    Int:  8    God:    Okawaru [******]
Gold:   667        SH:  7    Dex: 16    Spells: 11/11 levels left

rFire   + . .      SeeInvis .    A - +7 spear "Huk Gyutec" {flame, rCorr}
rCold   x . .      Faith    .    c - +1 buckler
rNeg    + . .      Spirit   .    z - +2 chain mail {rF+}
rPois   .          Reflect  .    E - +0 helmet "Rex Jarakuci" {rC- rN+ Str+5}
rElec   .          Rampage  .    q - +2 cloak
rCorr   +                        p - +0 pair of gloves
Will    .....                    (no boots) Stlth
                                 (no amulet)
HPRegen 0.37/turn                G - +6 ring of dexterity
MPRegen 0.16/turn                u - +6 ring of strength

@: mighty, heroic
A: no striking features
a: Renounce Religion, Heroism, Finesse, Duel


You were on level 4 of the Lair of Beasts.
You worshipped Okawaru.
Okawaru was exalted by your worship.
You visited 3 branches of the dungeon, and saw 14 of its levels.

You collected 667 gold pieces.

Inventory:

Hand Weapons
 m - the +8 war axe of Burning Indomitability {venom, rPois rN+}
   (You found it on level 2 of the Dungeon)

   rPois:     It protects you from poison.
   rN:        It protects you from negative energy.
 A - the +7 spear "Huk Gyutec" (weapon) {flame, rCorr}
   (You found it on level 2 of the Lair of Beasts)

   rCorr:     It protects you from acid and corrosion.
Missiles
 y - 3 throwing nets (quivered)
Armour
 b - a +0 scale mail
 c - a +1 buckler (worn)
 k - a +1 hat
 p - a +0 pair of gloves (worn)
 q - a +2 cloak (worn)
 w - a +0 tower shield
 z - a +2 chain mail of fire resistance (worn)
 E - the +0 helmet "Rex Jarakuci" (worn) {rC- rN+ Str+5}
   (Okawaru gifted it to you on level 2 of the Lair of Beasts)

   Str:       It affects your strength (+5).
   rC:        It makes you vulnerable to cold.
   rN:        It protects you from negative energy.
 I - +0 steam dragon scales
Jewellery
 u - a +6 ring of strength (right hand)
 v - a ring of see invisible
 G - a +6 ring of dexterity (left hand)
Wands
 o - a wand of iceblast (6)
 x - a wand of paralysis (30)
 F - a wand of acid (13)
 K - a wand of polymorph (11)
Scrolls
 a - a scroll of teleportation
 g - a scroll of fear
 n - 2 scrolls of magic mapping
 s - a scroll of silence
 t - a scroll of enchant weapon
 B - 2 scrolls of vulnerability
 L - a scroll of amnesia
Potions
 d - 2 potions of degeneration
 f - 3 potions of invisibility
 h - 6 potions of mutation
 i - 2 potions of flight
 j - 4 potions of attraction
 l - a potion of resistance {unknown}
 r - 3 potions of lignification
 C - a potion of might
 D - 3 potions of curing
 H - 2 potions of brilliance {unknown}
 J - a potion of cancellation {unknown}


   Skills:
 + Level 10.2(15.2) Fighting
 - Level 16.0(21.0) Axes
 - Level 15.0(20.0) Armour
 - Level 3.2(8.2) Shields
 - Level 9.6 Invocations


You had 11 spell levels left.
You didn't know any spells.
Your spell library contained the following spells:

 Spells                   Type           Power      Damage    Failure   Level
 Beastly Appendage        Tmut           0%         N/A       77%         1
 Magic Dart               Conj           0%         1d3       77%         1
 Searing Ray              Conj           0%         2d4       88%         2
 Wereblood                Tmut           0%         N/A       88%         2
 Ignite Poison            Fire/Tmut/Pois 0%         N/A       98%         3
 Ozocubu's Armour         Ice            0%         N/A       98%         3
 Spider Form              Tmut/Pois      0%         N/A       98%         3
 Fulminant Prism          Conj/Hex       0%         3d5       100%        4
 Leda's Liquefaction      Hex/Erth       0%         N/A       100%        4
 Sticky Flame             Conj/Fire      0%         2d3       100%        4
 Freezing Cloud           Conj/Ice/Air   0%         6-21      100%        5
 Lee's Rapid Deconstruct  Erth           0%         3d4*      100%        5
 Statue Form              Tmut/Erth      0%         N/A       100%        6
 Ozocubu's Refrigeration  Ice            0%         4d7       100%        7
 Borgnjor's Revivificati  Necr           0%         N/A       100%        8
 Ignition                 Fire           0%         3d3       100%        8
 Necromutation            Tmut/Necr      0%         N/A       100%        8
 Death's Door             Necr           0%         N/A       100%        9
 Polar Vortex             Ice            0%         N/A       100%        9
 Simulacrum               Ice/Necr       Unusable   N/A       N/A         6

Dungeon Overview and Level Annotations

Branches:
Dungeon (9/15)             Temple (1/1) D:4            Lair (4/5) D:9
 Shoals (0/4) Lair:3        Snake (0/4) Lair:2
  Slime: Lair:4-5       Orc: D:9-12

Altars:
Ashenzari
Cheibriados
Dithmenos
Elyvilon
Fedhas
Gozag
Hepliaklqana
Kikubaaqudgha
Makhleb
Nemelex Xobeh
Okawaru
Qazlal
Ru
Sif Muna
Trog
Uskayaw
Vehumet
Wu Jian
Xom
Yredelemnul
Zin
The Shining One
Beogh

Shops:
D:2 (

Annotations:
D:8 1 runed translucent door, Iniera's ghost, novice VSCj
Lair:4 exclusion: oklob plant


Message History

Found a long sword.
You start resting.
A six-headed hydra is nearby!
A six-headed hydra is nearby!
The six-headed hydra roars!
You start resting.
A six-headed hydra is nearby!
Okay, then.
The +8 war axe of Burning Indomitability {venom, rPois rN+} stops dripping with poison.
The +7 spear "Huk Gyutec" {flame, rCorr} bursts into flame!
A - the +7 spear "Huk Gyutec" (weapon)
{flame, rCorr} You feel very mighty all of a sudden.
You gain the combat prowess of a mighty hero.
You are too injured to fight recklessly!
You are too injured to fight recklessly!
You are too injured to fight recklessly!
You barely miss the six-headed hydra. The six-headed hydra bites you.
The six-headed hydra misses you. The six-headed hydra bites you.
* * * LOW HITPOINT WARNING * * *
The six-headed hydra bites you but does no damage.
You block the six-headed hydra's attack.
The six-headed hydra bites you!
* * * LOW HITPOINT WARNING * * *
You hit the six-headed hydra. You burn the six-headed hydra.
The six-headed hydra is lightly wounded.
You puncture the six-headed hydra! You burn the six-headed hydra!
The six-headed hydra is heavily wounded.
You block the six-headed hydra's attack. x2
The six-headed hydra bites you.
* * * LOW HITPOINT WARNING * * *
The six-headed hydra bites you.
* * * LOW HITPOINT WARNING * * *
The six-headed hydra barely misses you. The six-headed hydra misses you.
As you read the scroll of fear, it crumbles to dust.
You assume a fearsome visage.
The six-headed hydra easily resists.
The six-headed hydra bites you but does no damage.
The six-headed hydra bites you!
* * * LOW HITPOINT WARNING * * *
The six-headed hydra bites you!
You die...

.#..# .....
.PP.# ....##
#...##
.####..). ##
........###.#
.........D@.#
............#
............#
.
............#
..
............#
..
............#
..
.#..........#
..
#P.........#
.


You could see a six-headed hydra.

Vanquished Creatures
  Gastronok (Lair:1)
  Erica (Lair:2)
  A two-headed ogre (D:9)
  Pikel (D:7)
  2 elephants (Lair:3)
  Joseph (D:8)
  3 black mambas
  2 merfolk sirens (Lair:3)
  Psyche (D:8)
  8 cane toads
  3 kobold demonologists (D:9)
  4 komodo dragons
  A polar bear (Lair:4)
  2 merfolk (Lair:3)
  Prince Ribbit (D:6)
  25 yaks
  3 basilisks
  4 wyverns
  2 steam dragons
  3 nagas (Lair:2)
  8 water moccasins
  A sky beast (D:6)
  5 black bears
  An ice beast (D:6)
  7 orc warriors
  2 centaurs
  8 wolves
  4 ogres
  4 lemures
  A phantom (D:5)
  3 kobold brigands
  10 bullfrogs
  4 scorpions
  6 killer bees (D:9)
  3 electric eels (Lair:3)
  3 howler monkeys
  A jelly (D:6)
  3 hounds
  6 orc priests
  3 gnoll boudas
  Crazy Yiuf (D:4)
  3 iguanas
  6 orc wizards
  Natasha (thrice) (D:3)
  A sleepcap (D:8)
  18 gnolls
  7 adders
  4 white imps
  3 worms
  3 dart slugs
  36 orcs
  8 endoplasms
  4 giant cockroaches
  5 goblins
  7 hobgoblins
  4 jackals (D:3)
  12 kobolds
  10 ball pythons
  8 bats
  4 frilled lizards (D:2)
  9 rats
  2 butterflies (D:4)
310 creatures vanquished.

Vanquished Creatures (others)
  An orc (D:9)
  26 fungi
  40 plants
67 creatures vanquished.

Grand Total: 377 creatures vanquished

Notes
Turn   | Place    | Note
-------+----------+-------------------------------------------
     0 | D:1      | selver the Hill Orc Fighter began the quest for the Orb.
     0 | D:1      | Reached XP level 1. HP: 19/19 MP: 1/1
    83 | D:1      | Reached skill level 3 in Axes
    83 | D:1      | Reached XP level 2. HP: 20/26 MP: 2/2
   122 | D:1      | Reached skill level 4 in Axes
   253 | D:1      | Reached XP level 3. HP: 31/31 MP: 3/3
   463 | D:1      | Reached skill level 5 in Axes
   671 | D:2      | Identified the +8 war axe of Burning Indomitability {venom,
                  | rPois rN+}
   716 | D:2      | Found Mubajynut's Antique Weapon Shop.
   866 | D:2      | Reached XP level 4. HP: 39/39 MP: 4/4
  1134 | D:2      | Reached skill level 6 in Axes
  1306 | D:3      | Found a sacrificial altar of Ru.
  1414 | D:3      | Reached XP level 5. HP: 39/45 MP: 5/5
  1439 | D:3      | Identified the +1 cloak of Goas {rN++ rCorr Str+3 Dex-5}
  1753 | D:3      | Noticed Natasha
  1758 | D:3      | Killed Natasha
  1759 | D:3      | Reached skill level 7 in Axes
  1813 | D:3      | Noticed Natasha
  1817 | D:3      | Killed Natasha
  1950 | D:3      | Noticed Natasha
  1957 | D:3      | Killed Natasha
  2186 | D:4      | Noticed an ogre
  2188 | D:4      | Killed an ogre
  2189 | D:4      | Reached skill level 8 in Axes
  2189 | D:4      | Reached XP level 6. HP: 51/51 MP: 6/6
  2265 | D:4      | Found a staircase to the Ecumenical Temple.
  2273 | Temple   | Entered the Ecumenical Temple
  2424 | Temple   | Became a worshipper of Warmaster Okawaru
  2497 | D:4      | Noticed a black bear
  2500 | D:4      | Killed a black bear
  2501 | D:4      | Reached skill level 9 in Axes
  2562 | D:4      | Reached XP level 7. HP: 57/57 MP: 7/7
  2751 | D:4      | Reached skill level 10 in Axes
  3000 | D:4      | Found a runed translucent door.
  3001 | D:4      | Noticed Crazy Yiuf
  3006 | D:4      | Killed Crazy Yiuf
  3065 | D:5      | Entered Level 5 of the Dungeon
  3156 | D:5      | Found a snail-covered altar of Cheibriados.
  3170 | D:5      | Reached skill level 11 in Axes
  3170 | D:5      | Reached * piety under Okawaru
  3312 | D:5      | You fall into a shaft and drop 3 floors!
  3401 | D:8      | Found an iron altar of Okawaru.
  3406 | D:8      | Reached XP level 8. HP: 62/64 MP: 8/8
  3473 | D:8      | Found a bloodstained altar of Trog.
  3479 | D:8      | Reached skill level 12 in Axes
  3481 | D:8      | Noticed Psyche
  3520 | D:8      | Killed Psyche
  3520 | D:8      | Reached ** piety under Okawaru
  3521 | D:8      | Reached skill level 13 in Axes
  3639 | D:8      | Found a radiant altar of Vehumet.
  3653 | D:7      | Noticed Pikel
  3973 | D:6      | Found a stormy altar of Qazlal.
  4169 | D:5      | Reached skill level 14 in Axes
  4368 | D:5      | Reached XP level 9. HP: 70/70 MP: 9/9
  4497 | D:5      | Found an ornate altar of the Wu Jian Council.
  4691 | D:5      | Found a burning altar of Makhleb.
  4988 | D:6      | Noticed Prince Ribbit
  4997 | D:6      | Killed Prince Ribbit
  4997 | D:6      | Reached *** piety under Okawaru
  4998 | D:6      | Reached skill level 15 in Axes
  5541 | D:6      | Noticed a troll
  5542 | D:6      | Noticed a cyclops
  5656 | D:6      | Reached skill level 16 in Axes
  5903 | D:6      | Reached skill level 5 in Fighting
  6399 | D:7      | Killed Pikel
  6418 | D:7      | Reached XP level 10. HP: 72/88 MP: 10/10
  6582 | D:7      | Reached skill level 1 in Invocations
  6779 | D:7      | Reached **** piety under Okawaru
  6868 | D:7      | Found a broken altar of Ashenzari.
  7143 | D:7      | Identified the +7 spear "Lidefren" {flame, rElec rPois
                  | Stlth+}
  7204 | D:7      | Found a shimmering blue altar of Sif Muna.
  7430 | D:8      | Noticed Joseph
  7443 | D:8      | Killed Joseph
  7466 | D:8      | Found a roughly hewn altar of Beogh.
  7706 | D:8      | Reached skill level 5 in Invocations
  7994 | D:8      | Found a runed translucent door.
  7996 | D:8      | Noticed Iniera's ghost (novice VSCj)
  7996 | D:8      | Identified the +4 trident of Vaggameu {heavy, rElec rC+
                  | Int+6 Stlth-}
  8653 | D:9      | Reached ***** piety under Okawaru
  8659 | D:9      | Reached skill level 10 in Fighting
  8670 | D:9      | Found a staircase to the Lair.
  8673 | D:9      | Noticed a kobold demonologist
  8679 | D:9      | Killed a kobold demonologist
  8722 | D:9      | Reached skill level 5 in Armour
  8722 | D:9      | Reached XP level 11. HP: 54/99 MP: 15/17
  8948 | D:9      | Noticed a sixfirhy
  8948 | D:9      | Noticed a two-headed ogre
  8963 | D:9      | Killed a two-headed ogre
  9507 | Lair:1   | Entered Level 1 of the Lair of Beasts
  9695 | Lair:1   | Received a gift from Okawaru
  9892 | Lair:1   | Noticed Gastronok
  9901 | Lair:1   | Killed Gastronok
 10509 | Lair:2   | Noticed Erica
 10516 | Lair:2   | Killed Erica
 10516 | Lair:2   | Identified the +0 helmet "Rex Jarakuci" {rC- rN+ Str+5}
                  | (Okawaru gifted it to you on level 2 of the Lair of Beasts)
 10516 | Lair:2   | Received a gift from Okawaru
 10590 | Lair:2   | Found a staircase to the Snake Pit.
 10809 | Lair:2   | Reached skill level 10 in Armour
 11217 | Lair:2   | Identified the +7 spear "Huk Gyutec" {flame, rCorr}
 11232 | Lair:2   | Reached XP level 12. HP: 99/106 MP: 19/19
 12332 | Lair:3   | Found a staircase to the Shoals.
 12694 | Lair:3   | Reached ****** piety under Okawaru
 13326 | Lair:4   | Identified the +8 glaive of Virtue {speed, rElec Int+3}
                  | (Okawaru gifted it to you on level 4 of the Lair of Beasts)
 13326 | Lair:4   | Received a gift from Okawaru
 13582 | Lair:4   | Noticed a four-headed hydra
 13585 | Lair:4   | Noticed a six-headed hydra
 13798 | Lair:4   | Reached skill level 15 in Armour
 13798 | Lair:4   | Noticed a skyshark
 13832 | Lair:4   | Slain by a six-headed hydra

Illustrated notes

Levels and vault maps discovered:
D:1:      kilobyte_arrival_exit_the_forest, layout_rooms, serial_glass,
          glass_columns_b, glass_columns_c, glass_columns_a, glass_columns_a,
          glass_columns_c, glass_columns_b
D:2:      minmay_evil_eye, layout_loops_ring, serial_shops, shop,
          minmay_pentomino_s4
D:3:      layout_loops_corners, nicolae_ru_awakened_eye, uniq_natasha
D:4:      minmay_angry_zag, layout_rooms, minmay_temple_entry_butterflies,
          uniq_crazy_yiuf_cottage
D:5:      layout_loops_corners, old_standard_altar,
          nicolae_wu_jian_immortal_techniques,
          mainiacjoe_overflow_surrounded_room
D:6:      layout_basic, mainiacjoe_overflow_boulevard, enter_ossuary_1,
          lightli_corner_chamber, uniq_prince_ribbit1
D:7:      layout_loops_ring, lemuel_coloured_pillars_altar, led_sif_pool,
          hangedman_decor_diamond_cutter, minivault_10, uniq_pikel
D:8:      layout_basic, trog_three_pillars_becter, mainiacjoe_overflow_brackets,
          special_room [special_room_orc], ebering_ghost_funeral_grove,
          serial_bayou_pond_c, david_defended_altar_orc, uniq_psyche,
          uniq_joseph
D:9:      layout_rooms, lair_entry_dummy
Temple:   dshaligram_water_room_temple
Lair:1:   layout_loops_ring, uniq_gastronok
Lair:2:   layout_cellular_growth, guppyfry_snake_entry_garden, uniq_erica
Lair:3:   layout_regular_city, elwin_shoals_entry_stream, serial_bayou_shore_a
Lair:4:   layout_hall_layers, infiniplex_staircase_pool_2

Skill      XL: |  1  2  3  4  5  6  7  8  9 10 11 12 |
---------------+-------------------------------------+-----
Axes           | 3 4 5 6 8 9 11 14 16 | 16.0
Fighting       | 7 10 | 10.2
Invocations    | 8 9 |  9.6
Armour         | 5 11 15 | 15.0
Shields        | |  3.2

Action                     |  1- 3 |  4- 6 |  7- 9 | 10-12 || total
---------------------------+-------+-------+-------+-------++-------
  Melee: War axe           |    69 |    64 |   189 |   399 ||   721
         Spear             |       |       |       |     3 ||     3
 Invoke: Heroism           |       |       |       |     5 ||     5
  Evoke: Wand              |       |     5 |     2 |     5 ||    12
    Use: Scroll            |       |     3 |     2 |    18 ||    23
         Potion            |       |       |     9 |     6 ||    15
   Stab: Invisible         |       |       |     4 |       ||     4
 Armour: Scale mail        |    22 |    23 |    70 |       ||   115
         Skin              |       |       |     9 |       ||     9
         Steam dragon scal |       |       |       |    35 ||    35
         Chain mail        |       |       |       |   117 ||   117
  Dodge: Dodged            |    36 |    25 |    72 |   138 ||   271
  Block: Buckler           |     7 |    10 |    39 |    67 ||   123

Table legend: (Time is in decaauts)
 A = Elapsed time spent in this place.
 B = Non-inter-level travel time spent in this place.
 C = Inter-level travel time spent in this place.
 D = Time resting spent in this place.
 E = Time spent auto-exploring this place.
 F = Levels seen in this place.
 G = Mean time per level.
                   A        B        C        D        E       F      G
               +--------+--------+--------+--------+--------+-----+--------+
         Total |  13772 |  13110 |    662 |   2992 |   8095 |  14 |  983.7 |
       Dungeon |   9307 |   8987 |    320 |   1830 |   5648 |   9 | 1034.1 |
        Temple |    171 |    110 |     61 |      0 |    100 |   1 |  171.0 |
          Lair |   4293 |   4012 |    281 |   1162 |   2346 |   4 | 1073.2 |
               +--------+--------+--------+--------+--------+-----+--------+

Top non-repeatable levels by time:
  Lair:3: 1756 daAuts
     D:6: 1684 daAuts
     D:8: 1393 daAuts
     D:7: 1241 daAuts
  Lair:2: 1225 daAuts
     D:5: 1225 daAuts
     D:3: 890 daAuts
  Lair:1: 838 daAuts
     D:9: 820 daAuts
     D:4: 709 daAuts
     D:1: 689 daAuts
     D:2: 652 daAuts
  Lair:4: 473 daAuts
  Temple: 171 daAuts
